 Dungeon Crawl Stone Soup version 0.28-a0-1387-g3a22ab9bdc (webtiles) character file.

Game seed: 1194413858288234736

10351 fragbeetle the Cleaver (level 11, -9/97 HPs)
             Began as a Hill Orc Cinder Acolyte on Jan 2, 2022.
             Was a High Priest of Ignis.
             Mangled by a black mamba (15 damage)
             ... on level 1 of the Lair of Beasts.
             The game lasted 00:57:51 (15594 turns).

fragbeetle the Cleaver (Hill Orc Cinder Acolyte)   Turns: 15594, Time: 00:57:52

Health: -9/97      AC:  5    Str: 20    XL:     11   Next: 60%
Magic:  12/18      EV: 12    Int: 14    God:    Ignis [*****.]
Gold:   809        SH:  5    Dex:  8    Spells: 6/20 levels left

rFire   + . .      SeeInvis .   a - +2 war axe (vorpal)
rCold   . . .      Faith    .   i - +1 buckler
rNeg    . . .      Spirit   .   x - +0 leather armour
rPois   .          Reflect  .   f - +0 helmet
rElec   .          Harm     .   (no cloak)
rCorr   .          Rampage  .   e - +0 pair of gloves
Will    +....                   (no boots)
Stlth   +.........              (no amulet)
HPRegen 0.26/turn               C - ring of willpower
MPRegen 0.16/turn               P - ring of wizardry

@: no status effects
A: no striking features
a: Renounce Religion, Fiery Armour, Foxfire Swarm, Rising Flame


You were on level 1 of the Lair of Beasts.
You worshipped Ignis.
Ignis was extremely pleased with you.
You visited 3 branches of the dungeon, and saw 13 of its levels.
You also visited: Ossuary.

You collected 809 gold pieces.

Inventory:

Hand Weapons
 a - a +2 vorpal war axe (weapon)
 b - a +0 hunting sling
 o - a -1 hand axe of flaming
 H - a +4 dire flail
 M - a +2 spectral quarterstaff
Missiles
 c - 4 boomerangs (quivered)
 l - 314 stones
 E - 37 sling bullets
 G - 39 poisoned darts
 K - 4 curare-tipped darts
 L - a throwing net
Armour
 e - a +0 pair of gloves (worn)
 f - a +0 helmet (worn)
 i - a +1 buckler (worn)
 x - a +0 leather armour (worn)
 N - an orb of wrath
Magical Staves
 J - a staff of air
Jewellery
 j - a ring of resist corrosion
 q - a +6 ring of intelligence
 C - a ring of willpower (left hand)
 P - a ring of wizardry (right hand)
Wands
 n - a wand of polymorph (19)
 y - a wand of iceblast (12)
 O - a wand of flame (11)
Scrolls
 d - 2 scrolls of blinking
 h - 3 scrolls of amnesia
 m - 2 scrolls of teleportation
 r - a scroll of vulnerability
 w - a scroll of fear {unknown}
 z - a scroll of acquirement {unknown}
 Q - a scroll of identify
Potions
 g - 5 potions of curing
 t - a potion of invisibility {unknown}
 u - 5 potions of lignification
 A - a potion of might {unknown}
 B - a potion of haste
 F - a potion of brilliance {unknown}
 I - 2 potions of heal wounds


   Skills:
 + Level 9.1 Fighting
 * Level 13.2 Axes
 + Level 4.3 Dodging
 - Level 4.0 Shields
 + Level 5.1 Spellcasting
 + Level 5.7 Conjurations
 + Level 8.1 Fire Magic
 - Level 3.0 Poison Magic


You had 6 spell levels left.
You knew the following spells:

 Your Spells              Type           Power      Damage    Failure   Level
a - Scorch                Fire           52%        2d7       1%          2
b - Dazzling Flash        Conj/Hex       22%        N/A       8%          3
c - Flame Wave            Conj/Fire      23%        2d6       4%          4
d - Mephitic Cloud        Conj/Pois/Air  11%        N/A       8%          3
e - Call Imp              Summ           3%         N/A       12%         2

Your spell library contained the following spells:

 Spells                   Type           Power      Damage    Failure   Level
 Magic Dart               Conj           76%        1d6       1%          1
 Frozen Ramparts          Ice            6%         1d2       24%         3
 Gell's Gravitas          Tloc           3%         N/A       24%         3
 Lesser Beckoning         Tloc           3%         N/A       24%         3
 Teleport Other           Tloc           3%         N/A       24%         3
 Tukima's Dance           Hex            3%         N/A       24%         3
 Ice Form                 Ice/Tmut       3%         N/A       58%         4
 Passage of Golubria      Tloc           3%         N/A       58%         4
 Summon Ice Beast         Ice/Summ       3%         N/A       58%         4
 Agony                    Necr           3%         N/A       89%         5
 Silence                  Hex/Air        1%         N/A       89%         5
 Yara's Violent Unravell  Hex/Tmut       1%         3d3       89%         5
 Summon Cactus Giant      Summ           1%         N/A       100%        6


Dungeon Overview and Level Annotations

Branches:
Dungeon (11/15)            Temple (1/1) D:6            Lair (1/6) D:11
    Orc (0/2) D:9         Ossuary (visited)

Altars:
Ashenzari
Cheibriados
Dithmenos
Elyvilon
Fedhas
Gozag
Hepliaklqana
Kikubaaqudgha
Makhleb
Nemelex Xobeh
Okawaru
Qazlal
Ru
Sif Muna
Trog
Uskayaw
Vehumet
Wu Jian
Xom
Yredelemnul
Zin
The Shining One

Annotations:
D:6 Eustachio
D:7 Menkaure


Message History

A nearby plant withers and dies.
Found a stone staircase leading down.
Found a stone staircase leading down.
Magic scrolls do not work when you're silenced!
A black mamba comes into view.
You cannot cast spells when silenced!
You throw a boomerang. The boomerang hits the black mamba!
The black mamba is moderately wounded.
Your hearing returns.
A boulder beetle comes into view.
Casting: Scorch (safe; 1% risk of failure)
Confirm with . or Enter, or press ? or * to list all spells.
Flames lash the black mamba but do no damage.
The black mamba bites you! x2
Casting: Scorch (safe; 1% risk of failure)
Confirm with . or Enter, or press ? or * to list all spells.
Flames lash the black mamba.
The black mamba is heavily wounded.
The black mamba's fire resistance burns away.
The black mamba bites you!
* * * LOW HITPOINT WARNING * * *
You block the black mamba's attack.
Blink to where?
Press: ? - help, Dir - move target, p - black mamba
As you read the scroll of blinking, it crumbles to dust.
You feel your willpower return.
The black mamba is no longer more vulnerable to fire.
Casting: Scorch (safe; 1% risk of failure)
Confirm with . or Enter, or press ? or * to list all spells.
Flames lash the butterfly.
You kill the butterfly!
The black mamba barely misses you. The black mamba bites you!
* * * LOW HITPOINT WARNING * * *
Casting: Scorch (safe; 1% risk of failure)
Confirm with . or Enter, or press ? or * to list all spells.
Flames lash the black mamba.
The black mamba is severely wounded.
The black mamba's fire resistance burns away.
The black mamba bites you!
You die...

..## ##.#### ..# #..# ..#
#.###### ..## #..##..## ...#
###.......### ...## #...........#
...≈≈≈.. ....# ##..........##
#.≈≈≈≈≈> ....###. ##............#
#..≈≈≈≈≈ .....##.##......@......#
#..≈≈≈≈≈
.....##.#.......S......###...≈≈≈≈
...####.................# ...≈≈≈≈
##.# #.................# ##..≈.≈
### ##.................###......
###...................###.....
#....+#'##.............#P.....
#.......#....................
.###.#.....#.....P.............


You could see a black mamba (combustible).

Vanquished Creatures
  2 two-headed ogres
  An ugly thing (D:6)
  A black mamba (Lair:1)
  Joseph (D:9)
  A komodo dragon (Lair:1)
  A troll (D:10)
  4 blink frogs (Lair:1)
  A wraith (D:7)
  10 yaks
  A wyvern (D:10)
  3 vampire mosquitoes (D:8)
  A basilisk (D:11)
  A steam dragon (D:6)
  A warg (D:9)
  4 water moccasins
  2 orc warriors (D:9)
  A sky beast (D:6)
  A hornet zombie (D:7)
  A black bear (D:8)
  5 centaurs
  A necrophage (D:5)
  3 ogres
  A phantom (D:6)
  3 kobold brigands
  3 elf zombies (Ossuary)
  6 bullfrogs
  A scorpion (D:4)
  2 gnoll sergeants
  2 water moccasin skeletons
  3 killer bees (D:8)
  5 wights
  A howler monkey (D:10)
  A bullfrog zombie (D:6)
  4 centaur zombies
  3 orc priests
  A human zombie (Ossuary)
  2 jellies (D:6)
  A gnoll shaman (D:6)
  A hound (D:6)
  A bullfrog skeleton (D:5)
  5 iguanas
  Ijyb (D:5)
  2 centaur skeletons (D:7)
  4 orc wizards
  4 mummies
  A howler monkey zombie (D:8)
  7 gnolls
  A howler monkey skeleton (D:7)
  8 adders
  2 white imps
  An ufetubus (D:5)
  2 adder zombies (Ossuary)
  A worm (D:4)
  A dart slug (D:1)
  13 orcs
  5 ball pythons
  4 endoplasms
  2 giant cockroaches
  18 goblins
  11 hobgoblins
  A quokka (D:3)
  7 bats
  A goblin zombie (Ossuary)
  5 hobgoblin zombies (Ossuary)
  A jackal zombie (Ossuary)
  17 kobolds
  5 kobold zombies (Ossuary)
  5 orc zombies (Ossuary)
  3 quokka zombies (Ossuary)
  2 rats (D:3)
  6 rat zombies (Ossuary)
  A butterfly (Lair:1)
235 creatures vanquished.

Vanquished Creatures (others)
  A howler monkey skeleton (D:6)
  5 fungi
  23 plants
  A withered plant (D:2)
30 creatures vanquished.

Grand Total: 265 creatures vanquished

Notes
Turn   | Place    | Note
-------+----------+-------------------------------------------
     0 | D:1      | fragbeetle the Hill Orc Cinder Acolyte began the quest for
                  | the Orb.
     0 | D:1      | Reached XP level 1. HP: 19/19 MP: 2/2
   215 | D:1      | Reached XP level 2. HP: 25/27 MP: 3/3
   469 | D:1      | Learned a level 2 spell: Scorch
   953 | D:1      | Reached XP level 3. HP: 33/33 MP: 4/4
  1293 | D:2      | Found a faded altar of an unknown god.
  2038 | D:2      | Reached skill level 5 in Axes
  2527 | D:3      | Reached XP level 4. HP: 40/40 MP: 0/5
  2666 | D:3      | Found an ancient bone altar of Kikubaaqudgha.
  2666 | D:3      | Found a shadowy altar of Dithmenos.
  2666 | D:3      | Found a snail-covered altar of Cheibriados.
  2672 | D:3      | Found a radiant altar of Vehumet.
  2675 | D:3      | Found an iron altar of Okawaru.
  2678 | D:3      | Found a broken altar of Ashenzari.
  2679 | D:3      | Found a shimmering blue altar of Sif Muna.
  3813 | D:4      | Found a sand-covered staircase.
  3817 | D:4      | Reached skill level 1 in Shields
  3861 | Ossuary  | Entered an ossuary
  3876 | Ossuary  | Reached XP level 5. HP: 44/47 MP: 6/6
  4095 | Ossuary  | Reached skill level 6 in Axes
  4095 | Ossuary  | Reached XP level 6. HP: 39/53 MP: 8/8
  4281 | Ossuary  | Reached skill level 5 in Fighting
  4458 | Ossuary  | Reached XP level 7. HP: 24/61 MP: 3/9
  5022 | D:4      | Reached skill level 7 in Axes
  5261 | D:5      | Entered Level 5 of the Dungeon
  5264 | D:5      | Noticed a yak
  5311 | D:5      | Noticed a yak
  5313 | D:5      | Noticed a yak
  5315 | D:5      | Noticed a yak
  5324 | D:4      | Killed a yak
  5325 | D:4      | Reached skill level 5 in Fire Magic
  5577 | D:5      | Learned a level 3 spell: Dazzling Flash
  5623 | D:5      | Reached skill level 8 in Axes
  5623 | D:5      | Reached XP level 8. HP: 64/70 MP: 4/11
  5636 | D:5      | Noticed Ijyb
  5682 | D:5      | Killed Ijyb
  5845 | D:5      | Found a glowing silver altar of Zin.
  5845 | D:5      | Noticed an angel
  5937 | D:5      | Reached skill level 1 in Conjurations
  6652 | D:5      | Killed a yak
  6785 | D:5      | Killed a yak
  6786 | D:5      | Reached skill level 9 in Axes
  7122 | D:5      | Killed a yak
  7123 | D:5      | Reached XP level 9. HP: 78/78 MP: 2/13
  7131 | D:5      | Learned a level 4 spell: Flame Wave
  7349 | D:6      | Reached skill level 1 in Dodging
  7376 | D:6      | Found a staircase to the Ecumenical Temple.
  7384 | Temple   | Entered the Ecumenical Temple
  8050 | D:6      | Reached skill level 10 in Axes
  8246 | D:6      | Noticed Eustachio
  8305 | D:7      | Noticed a two-headed ogre
  8306 | D:7      | Noticed a white ugly thing
  8410 | D:7      | Killed a two-headed ogre
  8417 | D:7      | Reached XP level 10. HP: 20/86 MP: 1/15
  8672 | D:7      | Reached skill level 11 in Axes
  8786 | D:6      | Killed a white ugly thing
  9222 | D:7      | Learned a level 3 spell: Mephitic Cloud
  9683 | D:7      | Noticed Menkaure
 10434 | D:8      | Found a white marble altar of Elyvilon.
 10466 | D:8      | Reached skill level 1 in Poison Magic
 11029 | D:9      | Noticed Joseph
 11045 | D:9      | Killed Joseph
 11596 | D:9      | Found a staircase to the Orcish Mines.
 11925 | D:9      | Reached skill level 12 in Axes
 12367 | D:9      | Found a sparkling altar of Nemelex Xobeh.
 12970 | D:10     | Entered Level 10 of the Dungeon
 13133 | D:10     | Reached XP level 11. HP: 23/95 MP: 2/18
 13587 | D:10     | Reached skill level 5 in Conjurations
 13594 | D:10     | Learned a level 2 spell: Call Imp
 14911 | D:11     | Found a staircase to the Lair.
 14921 | D:11     | Noticed a two-headed ogre
 14939 | D:11     | Killed a two-headed ogre
 15055 | D:11     | Reached skill level 5 in Spellcasting
 15148 | Lair:1   | Entered Level 1 of the Lair of Beasts
 15220 | Lair:1   | Reached skill level 13 in Axes
 15579 | Lair:1   | Noticed a boulder beetle
 15594 | Lair:1   | Mangled by a black mamba

Illustrated notes

Levels and vault maps discovered:
D:1:      wheals_arrival_linesprint, layout_loops_ring,
          amcnicky_mini_pool_small, nrook_mini_backslash
D:2:      layout_basic, serial_forest, infiniplex_forest_clump_double,
          infiniplex_forest_end_double, infiniplex_forest_clump_diagonal,
          infiniplex_forest_pool, infiniplex_forest_lined_room_2,
          infiniplex_forest_zigzag_1, infiniplex_forest_pool,
          infiniplex_forest_zigzag_1, infiniplex_forest_end_2,
          shapermc_ecumenical_altar_gd, minmay_misc_feat_tower
D:3:      layout_basic, nicolae_overflow_hallway_of_the_gods
D:4:      layout_loops_ring, gup_ossuary_entry_pyramid, grunt_ministairs_12,
          minmay_ogre_servants
D:5:      layout_loops_corners, zin_angel, grunt_ministairs_6, uniq_ijyb
D:6:      minmay_polygon_palace, layout_rooms, minmay_temple_entry_fiery,
          uniq_eustachio
D:7:      minmay_cornered_nines, layout_rooms, uniq_menkaure
D:8:      layout_basic, elyvilon_altar_1
D:9:      layout_cave_pods, nemelex_xobeh_ov_fountains_minmay, david_orc_3,
          uniq_joseph
D:10:     layout_long_grid
D:11:     layout_long_grid, minmay_lair_entry_grove, grunt_ogre_cave
Temple:   nicolae_temple_no_exploring_needed
Lair:1:   layout_cave_pods, nicolae_volcano_entry_batcave, grunt_megastairs_1,
          lemuel_fruit_fields, infiniplex_staircase_pool_2, serial_bayou_shore_a

Skill      XL: |  1  2  3  4  5  6  7  8  9 10 11 |
---------------+----------------------------------+-----
Fighting       | 4 5 6 7 8 9 |  9.1
Axes           | 5 6 8 9 10 12 13 | 13.2
Shields        | 1 2 3 4 |  4.0
Fire Magic     | 4 5 6 7 8 |  8.1
Spellcasting   | 2 3 4 5 |  5.1
Conjurations   | 2 3 4 5 |  5.7
Dodging        | 2 3 4 |  4.3
Poison Magic   | 2 3 |  3.0

Action                   |  1- 3 |  4- 6 |  7- 9 | 10-12 || total
-------------------------+-------+-------+-------+-------++-------
Melee: Hand axe          |    89 |    29 |       |       ||   118
       War axe           |       |   116 |   111 |   146 ||   373
 Fire: Hunting sling     |       |       |     1 |     4 ||     5
Throw: Boomerang         |       |       |     4 |    19 ||    23
       Dart              |       |       |     3 |     7 ||    10
 Cast: Scorch            |    10 |    21 |    85 |   115 ||   231
       Flame Wave        |       |       |     2 |    12 ||    14
       Dazzling Flash    |       |       |     1 |       ||     1
       Mephitic Cloud    |       |       |       |    10 ||    10
  Use: Scroll            |       |       |     7 |    11 ||    18
       Potion            |       |       |     1 |     5 ||     6
Armor: Robe              |    33 |    39 |     6 |       ||    78
       Leather armour    |       |       |    27 |    48 ||    75
Dodge: Dodged            |    53 |    61 |    82 |   124 ||   320
Block: Buckler           |       |       |    17 |    47 ||    64

Table legend: (Time is in decaauts)
 A = Elapsed time spent in this place.
 B = Non-inter-level travel time spent in this place.
 C = Inter-level travel time spent in this place.
 D = Time resting spent in this place.
 E = Time spent auto-exploring this place.
 F = Levels seen in this place.
 G = Mean time per level.
                   A        B        C        D        E       F      G
               +--------+--------+--------+--------+--------+-----+--------+
         Total |  15616 |  15344 |    272 |   5306 |   3533 |  14 | 1115.4 |
       Dungeon |  14411 |  14169 |    242 |   4900 |   3533 |  11 | 1310.1 |
        Temple |     24 |     24 |      0 |      0 |      0 |   1 |   24.0 |
          Lair |    341 |    311 |     30 |     51 |      0 |   1 |  341.0 |
       Ossuary |    838 |    838 |      0 |    355 |      0 |   1 |  838.0 |
               +--------+--------+--------+--------+--------+-----+--------+

Top non-repeatable levels by time:
     D:9: 1886 daAuts
     D:5: 1881 daAuts
    D:10: 1880 daAuts
     D:8: 1402 daAuts
     D:2: 1374 daAuts
     D:6: 1240 daAuts
     D:1: 1136 daAuts
     D:4: 1083 daAuts
     D:3: 1076 daAuts
     D:7: 1070 daAuts
 Ossuary: 838 daAuts
    D:11: 376 daAuts
  Lair:1: 341 daAuts
  Temple: 24 daAuts
